[Event "Team 45 45 League T80"]
[Site "Internet Chess Club"]
[Date "2019.03.31"]
[Round "1"]
[White "howah45"]
[Black "smsxman"]
[Result "1-0"]
[WhiteElo "1137"]
[BlackElo "1357"]
[Opening "French defense"]
[ECO "C01"]
[Time "11:00:57"]
[TimeControl "2700+45"]

1. e4 e6 2. d4 c5 3. c3 cxd4 4. cxd4 d5 5. e5 Bb4+ 6. Bd2 Bxd2+ 7. Nxd2 Nc6 8.
Ngf3 Bd7 9. Nb3 Nh6 10. Bd3 f6 11. Qe2 f5 12. h3 O-O 13. O-O a6 14. Nc5 b5 15.
Nxd7 Qxd7 16. Rad1 Nf7 17. Bc2 Nb4 18. Bb3 a5 19. a3 Na6 20. Rc1 Rfc8 21. Qd2 b4
22. a4 Nc7 23. Ng5 Nxg5 24. Qxg5 Qf7 25. f4 Qg6 26. Qxg6 hxg6 27. Rc6 Kf7 28.
Rfc1 Ra7 29. g4 Ke7 30. Kg2 Kd8 31. Kg3 Raa8 32. Kh4 Ra6 33. Rxa6 Nxa6 34. Rxc8+
Kxc8 35. Kg5 fxg4 36. hxg4 Nb8 37. Kxg6 Nc6 38. Kxg7 Nxd4 39. Kf7 Kd7 40. g5 Nf5
41. g6 Nh6+ 42. Kf8 d4 43. g7 d3 44. g8=Q Nxg8 45. Kxg8 Ke7 46. Kg7 d2 47. Kg6
Ke8 48. Kf6 Kd7 49. Kf7 Kc6 50. Kxe6 Kc5 51. f5 Kd4 52. f6 Ke3 53. f7 Ke2 54.
f8=Q {Black resigns} 1-0

[Event "Team 45 45 League T80"]
[Site "Internet Chess Club"]
[Date "2019.03.31"]
[Round "1"]
[White "idjit"]
[Black "wildwood"]
[Result "1-0"]
[WhiteElo "1648"]
[BlackElo "1530"]
[Opening "Sicilian: Grand Prix attack"]
[ECO "B23"]
[Time "12:15:52"]
[TimeControl "2700+45"]

1. e4 c5 2. Nc3 Nc6 3. f4 g6 4. Nf3 Bg7 5. Bb5 Nd4 6. O-O Nxb5 7. Nxb5 Nf6 8. d3
O-O 9. Qe1 d6 10. Qh4 Bd7 11. Nc3 e6 12. f5 exf5 13. exf5 Bxf5 14. Bg5 d5 15.
Nxd5 Qxd5 16. Bxf6 Rfe8 17. Bxg7 Kxg7 18. Qg3 Re2 19. Nh4 Be6 20. Rf2 Rxf2 21.
Qxf2 b6 22. Rf1 Qxa2 23. Qf6+ Kg8 24. Nf3 Qd5 25. Ne5 Re8 26. h4 Bf5 27. Nf3 Qe6
28. Qc3 Qd7 29. Ne5 Qd4+ 30. Qxd4 cxd4 31. Nc6 Rc8 32. Nxd4 Bd7 33. Re1 Kf8 34.
Kf2 Rc5 35. Kg3 Rd5 36. Nf3 f6 37. Kf4 Kf7 38. d4 Bc6 39. g4 Rd6 40. c3 h6 41.
b4 Bb5 42. Nd2 a6 43. Ne4 Re6 44. Rc1 Bc4 45. Nd2 b5 46. Nxc4 bxc4 47. Ra1 Ke7
48. Ra5 Kd7 49. Rc5 Rc6 50. Rxc6 Kxc6 51. g5 hxg5+ 52. hxg5 fxg5+ 53. Kxg5 Kd5
54. Kxg6 Ke6 55. Kg5 Kd5 56. Kf5 Kd6 57. Ke4 Ke6 58. d5+ Kd6 59. Kd4 {Black
resigns} 1-0

[Event "Team 45 45 League T80"]
[Site "Internet Chess Club"]
[Date "2019.03.29"]
[Round "1"]
[White "Kingfisher75"]
[Black "Kingofknights"]
[Result "1/2-1/2"]
[WhiteElo "1542"]
[BlackElo "1437"]
[Opening "Caro-Kann: Steinitz variation"]
[ECO "B17"]
[Time "19:01:05"]
[TimeControl "2700+45"]

1. e4 c6 2. d4 d5 3. Nc3 dxe4 4. Nxe4 Nd7 5. Nf3 Ngf6 6. Ng3 e6 7. Bd3 c5 8. O-O
cxd4 9. Nxd4 Bc5 10. Nb3 Bb6 11. Bf4 O-O 12. Re1 Nd5 13. Qf3 Nxf4 14. Qxf4 Nf6
15. Rad1 Nd5 16. Qf3 Qc7 17. Qh5 g6 18. Qh6 Qf4 19. Qxf4 Nxf4 20. Bf1 Nd5 21. c3
Bd7 22. Bc4 Bc6 23. Nd4 Bxd4 24. Rxd4 b5 25. Bb3 a5 26. a3 Rfd8 27. Rdd1 Nf4 28.
f3 Nd3 29. Re2 Rd7 30. Ne4 Kg7 31. Red2 Rad8 32. Nf2 Nc5 33. Rxd7 Rxd7 34. Rxd7
Bxd7 35. Bc2 a4 36. Ne4 Nxe4 37. Bxe4 f5 38. Bb7 g5 39. Kf2 Kf6 40. Ke3 Ke5 41.
Kd3 h5 42. c4 bxc4+ 43. Kxc4 g4 44. b4 axb3 45. Kxb3 Kd4 46. a4 Kc5 47. a5 Bc6
48. Bxc6 Kxc6 49. Kc4 gxf3 50. gxf3 e5 51. a6 e4 52. fxe4 fxe4 53. Kd4 Kb6 54.
Kxe4 Kxa6 55. h4 Kb6 56. Kf5 Kc6 57. Kg5 Kd6 58. Kxh5 Ke7 59. Kg6 Kf8 60. Kh7
Kf7 61. h5 Kf8 62. h6 Kf7 63. Kh8 Kf8 64. h7 Kf7 {White stalemated} 1/2-1/2

[Event "Team 45 45 League T80"]
[Site "Internet Chess Club"]
[Date "2019.03.30"]
[Round "1"]
[White "kingphisch"]
[Black "Bible-Believer"]
[Result "1/2-1/2"]
[WhiteElo "1460"]
[BlackElo "1368"]
[Opening "Petrov three knights game"]
[ECO "C42"]
[Time "16:01:30"]
[TimeControl "2700+45"]

1. e4 e5 2. Nf3 Nf6 3. Nc3 Bb4 4. Bc4 O-O 5. d3 d6 6. O-O Nc6 7. Nd5 Nxd5 8.
Bxd5 Bg4 9. c3 Bc5 10. h3 Bh5 11. g4 Bg6 12. Bg5 Qd7 13. Nh4 Ne7 14. Bxe7 Qxe7
15. Nxg6 hxg6 16. Qf3 c6 17. Bb3 Rad8 18. Rad1 Qf6 19. Qxf6 gxf6 20. Kg2 g5 21.
Kg3 Kg7 22. d4 Bb6 23. Rd3 Rh8 24. dxe5 dxe5 25. Rxd8 Rxd8 26. Rd1 Rxd1 {Game
drawn by mutual agreement} 1/2-1/2

[Event "Team 45 45 League T80"]
[Site "Internet Chess Club"]
[Date "2019.03.31"]
[Round "1"]
[White "Duguesclin"]
[Black "Egmont"]
[Result "1-0"]
[WhiteElo "1521"]
[BlackElo "1534"]
[Opening "QGD Slav: Slav gambit"]
[ECO "D15"]
[Time "12:00:33"]
[TimeControl "2700+45"]

1. d4 d5 2. c4 c6 3. Nf3 Nf6 4. Nc3 dxc4 5. e4 b5 6. a3 Bg4 7. Be2 e6 8. O-O Be7
9. h3 Bh5 10. Bg5 h6 11. Bxf6 Bxf6 12. e5 Be7 13. Ne4 Nd7 14. a4 a6 15. b3 Bg6
16. Nfd2 Qb6 17. bxc4 Qxd4 18. cxb5 Bxe4 19. Nxe4 Qxe4 20. Bf3 Qxe5 21. Bxc6 O-O
22. Bxa8 Bd6 23. f4 Qc5+ 24. Kh1 Rxa8 25. Rc1 Qd5 26. Qxd5 exd5 27. Rc6 Bf8 28.
b6 Rb8 29. Rb1 a5 30. b7 Bb4 31. Rc8+ Kh7 32. Rxb8 Nxb8 33. Rc1 Kg6 34. g4 Kf6
35. Kg2 Ke6 36. Rc8 Bd6 37. f5+ Kd7 38. Rg8 Be5 39. Kf3 Kc7 40. Rf8 Kxb7 41.
Rxf7+ Kc6 42. h4 Nd7 43. g5 hxg5 44. hxg5 Bc3 45. Ke2 Kd6 46. f6 gxf6 47. g6 Ke6
48. Rxd7 {Black resigns} 1-0

[Event "Team 45 45 League T80"]
[Site "Internet Chess Club"]
[Date "2019.03.28"]
[Round "1"]
[White "Hal2001"]
[Black "President"]
[Result "0-1"]
[WhiteElo "1551"]
[BlackElo "1680"]
[Opening "Owen defense"]
[ECO "B00"]
[Time "10:17:53"]
[TimeControl "2700+45"]

1. e4 b6 2. d4 Bb7 3. Nc3 e6 4. Nf3 Bb4 5. Bd3 Nf6 6. Qe2 d5 7. e5 Ne4 8. Bd2
Nxd2 9. Qxd2 Nd7 10. a3 Be7 11. Ne2 c5 12. c3 Rc8 13. O-O h6 14. Ng3 c4 15. Bc2
Bg5 16. Nxg5 Qxg5 17. f4 Qe7 18. f5 b5 19. Nh5 Rg8 20. f6 gxf6 21. exf6 Qf8 22.
Ng7+ Kd8 23. Qxh6 Kc7 24. Qf4+ Kb6 25. a4 a6 26. axb5 axb5 27. Nh5 Rh8 28. Qg5
Qh6 29. Qxh6 Rxh6 30. g4 Rg8 31. Ng7 Nxf6 32. Nf5 exf5 33. Bxf5 Nxg4 34. Bxg4
Rxg4+ 35. Kh1 Rg7 36. Rf5 Kc6 37. Raf1 Rhh7 38. Rf6+ Kd7 39. Rb6 Bc6 40. Rf6 Rh3
41. Rbxc6 Rgh7 42. Rfd6+ Ke7 43. Rf6 Rxh2+ 44. Kg1 Rxb2 45. Rf2 Rxf2 46. Kxf2
Rh2+ 47. Ke3 Rc2 48. Kf4 Rxc3 49. Ke5 Re3+ 50. Kxd5 f5 51. Rc7+ Kf6 52. Rc8 Rb3
53. Rf8+ Kg5 54. Ke5 Re3+ 55. Kd5 Kf4 56. Kc5 Rb3 57. d5 c3 58. Kd4 c2 59. Rc8
Rb4+ 60. Kd3 Rc4 61. Rxc4+ bxc4+ 62. Kxc2 Ke5 63. Kc3 Kxd5 {White resigns} 0-1

[Event "Team 45 45 League T80"]
[Site "Internet Chess Club"]
[Date "2019.03.31"]
[Round "1"]
[White "MathBandit"]
[Black "Constrictor"]
[Result "1-0"]
[WhiteElo "1564"]
[BlackElo "1544"]
[Opening "Alekhine's defense: modern variation, 4...Bg4"]
[ECO "B05"]
[Time "20:00:42"]
[TimeControl "2700+45"]

1. e4 Nf6 2. e5 Nd5 3. d4 d6 4. Nf3 Bg4 5. Be2 e6 6. c4 Nb6 7. Nc3 Be7 8. O-O
O-O 9. h3 Bh5 10. Be3 d5 11. c5 Bxf3 12. Bxf3 Nc4 13. Bf4 Nc6 14. b3 N4a5 15.
Qd2 b6 16. cxb6 cxb6 17. Rac1 Bb4 18. Bg5 Qd7 19. Qf4 Be7 20. Bf6 gxf6 21. exf6
Bd6 22. Qg4+ {Black resigns} 1-0

[Event "Team 45 45 League T80"]
[Site "Internet Chess Club"]
[Date "2019.03.29"]
[Round "1"]
[White "Gilguli"]
[Black "BrerRabbit"]
[Result "0-1"]
[WhiteElo "1339"]
[BlackElo "1386"]
[Opening "Pirc defense"]
[ECO "B07"]
[Time "10:18:18"]
[TimeControl "2700+45"]

1. e4 d6 2. d4 Nf6 3. Nc3 e5 4. dxe5 dxe5 5. Qxd8+ Kxd8 6. Bg5 c6 7. O-O-O+ Nd7
8. Nf3 Ke8 9. Bd3 Be7 10. Nh4 g6 11. h3 Nc5 12. Bh6 Nxd3+ 13. Rxd3 Nd7 14. Nf3
f6 15. g4 Nc5 16. Rdd1 Kf7 17. g5 Be6 18. gxf6 Bxf6 19. Rd6 Rhd8 20. Rhd1 Rxd6
21. Rxd6 Ke7 22. Rd1 Bxh3 23. Be3 Ne6 24. Rh1 Bg4 25. Rxh7+ Kd6 26. Nd2 b5 27.
Nb3 a5 28. Bb6 a4 29. Na5 Ng5 30. Nb7+ Ke6 31. Nc5+ Kd6 32. a3 Nxh7 33. Nb7+ Ke6
34. Nc5+ Ke7 35. Na2 Bg5+ 36. Kb1 Rf8 37. Nb4 Bd7 38. Ncd3 Ke8 39. Nxe5 Rf6 40.
Bd4 Re6 41. Na6 Bd8 42. f4 Nf8 43. Bc5 Rxe5 44. fxe5 Ne6 45. Be3 Kf7 46. Nb4 Be7
47. Nd3 g5 48. Kc1 Kg6 49. Kd1 Bf8 50. Ke2 Bh6 51. Nf2 Nf4+ 52. Kf3 Nh5 53. Ng4
Bxg4+ 54. Kxg4 Ng7 55. Bc5 Kf7 56. Bd6 Ne6 57. c3 Bf8 58. Kf5 Bxd6 59. exd6 Ke8
60. e5 Kd7 61. Kg4 c5 62. Kf5 Nd8 63. Kxg5 Ke6 64. Kf4 Nf7 65. Ke4 Nxe5 66. d7
Nxd7 67. Kd3 Kd5 68. Ke3 {White resigns} 0-1

[Event "Team 45 45 League T80"]
[Site "Internet Chess Club"]
[Date "2019.04.01"]
[Round "1"]
[White "fireball"]
[Black "DaveTheRook"]
[Result "1-0"]
[WhiteElo "1647"]
[BlackElo "1549"]
[Opening "Robatsch defense: three pawns attack"]
[ECO "B06"]
[Time "18:05:11"]
[TimeControl "2700+45"]

1. e4 g6 2. d4 Bg7 3. f4 d6 4. Nf3 Bg4 5. c3 Nf6 6. Bd3 O-O 7. h3 Bxf3 8. Qxf3
c6 9. g4 Nbd7 10. h4 e5 11. dxe5 dxe5 12. f5 Nc5 13. Bc2 Qd6 14. b4 Ncd7 15. Nd2
Rfe8 16. Nf1 Rad8 17. Ng3 Nb6 18. h5 Nc4 19. Rh2 Qd7 20. g5 Nxh5 21. Nxh5 gxh5
22. f6 Re6 23. Qxh5 {Black resigns} 1-0

[Event "Team 45 45 League T80"]
[Site "Internet Chess Club"]
[Date "2019.03.29"]
[Round "1"]
[White "pokerram"]
[Black "Skeptic1972"]
[Result "1/2-1/2"]
[WhiteElo "1554"]
[BlackElo "1504"]
[Opening "French: Steinitz variation"]
[ECO "C11"]
[Time "14:01:01"]
[TimeControl "2700+45"]

1. e4 e6 2. d4 d5 3. Nc3 Nf6 4. e5 Nfd7 5. f4 a6 6. Nf3 c5 7. Be3 Nc6 8. Qd2
cxd4 9. Nxd4 Nxd4 10. Bxd4 Bc5 11. Qf2 Bxd4 12. Qxd4 Qb6 13. Qxb6 Nxb6 {Game
drawn by mutual agreement} 1/2-1/2

[Event "Team 45 45 League T80"]
[Site "Internet Chess Club"]
[Date "2019.04.01"]
[Round "1"]
[White "JPSVI"]
[Black "cpic2363"]
[Result "0-1"]
[WhiteElo "1445"]
[BlackElo "1530"]
[Opening "Réti: King's Indian attack (Barcza system)"]
[ECO "A07"]
[Time "19:09:53"]
[TimeControl "2700+45"]

1. Nf3 d5 2. g3 e6 3. Bg2 Nf6 4. O-O Be7 5. d3 O-O 6. Nbd2 b6 7. e4 Bb7 8. e5
Nfd7 9. d4 f6 10. Re1 fxe5 11. Nxe5 Nxe5 12. dxe5 Bc5 13. Nf3 Nc6 14. c3 a5 15.
Be3 Qe7 16. Bxc5 Qxc5 17. Nd4 Nxd4 18. cxd4 Qb4 19. b3 Qe7 20. Rc1 c5 21. Qg4 a4
22. Rc2 axb3 23. axb3 Ra3 24. dxc5 bxc5 25. Rec1 Rc8 26. Bh3 Rc6 27. Bf1 Rxb3
28. Qa4 c4 29. Qa7 Qc7 30. Qd4 Qb6 31. Qd1 Rc8 32. Qg4 Rf8 33. Bh3 Bc8 34. Kf1
Rbf3 {White resigns} 0-1

[Event "Team 45 45 League T80"]
[Site "Internet Chess Club"]
[Date "2019.03.30"]
[Round "1"]
[White "Megasus"]
[Black "nidusin2"]
[Result "0-1"]
[WhiteElo "1512"]
[BlackElo "1465"]
[Opening "Réti opening"]
[ECO "A04"]
[Time "04:03:15"]
[TimeControl "2700+45"]

1. Nf3 d6 2. d4 Nf6 3. h3 Nbd7 4. e3 e5 5. Nbd2 e4 6. Ng5 d5 7. h4 Nb6 8. c4 c6
9. c5 Nbd7 10. b4 h6 11. Nh3 Be7 12. Nf4 O-O 13. g4 Nh7 14. Ng2 f5 15. g5 hxg5
16. hxg5 Bxg5 17. Qh5 Bh6 18. Nf4 Qg5 19. Qxg5 Nxg5 20. Bb2 Nf6 21. Ng6 Re8 22.
Ne5 Nf7 23. Nxf7 Kxf7 24. Be2 f4 25. Nf1 f3 26. Bd1 Bg4 27. Bb3 Rh8 28. Nh2 Bh3
29. Kd2 Bg2 30. Rhg1 Bxe3+ 31. Kxe3 Rxh2 32. Kd2 Ng4 33. Ke1 Bh3 34. Rxg4 Bxg4
35. Bc1 Kf6 36. a4 Rh1+ 37. Kd2 Rf1 38. Ke3 Rh8 39. Bb2 Rxa1 40. Bxa1 Rh1 41.
Bc3 Kf5 42. b5 Bh5 43. bxc6 bxc6 44. a5 a6 45. Ba4 Be8 46. Bc2 g5 47. Ba4 Kg4
48. Bc2 Rf1 49. Bb3 Kh3 50. Bd2 Kg2 51. Ba4 Rxf2 52. Bd1 Rf1 53. Bc2 g4 54. Kf4
Rf2 55. Ke3 Re2+ {White resigns} 0-1

[Event "Team 45 45 League T80"]
[Site "Internet Chess Club"]
[Date "2019.03.30"]
[Round "1"]
[White "Percival"]
[Black "santiagoelawad"]
[Result "0-1"]
[WhiteElo "1922"]
[BlackElo "1963"]
[Opening "QGD Slav defense: exchange variation"]
[ECO "D13"]
[Time "08:16:12"]
[TimeControl "2700+45"]

1. d4 d5 2. c4 c6 3. cxd5 cxd5 4. Nf3 Nc6 5. Nc3 Nf6 6. Bf4 a6 7. Rc1 e6 8. e3
Bd6 9. Bxd6 Qxd6 10. Be2 O-O 11. O-O b5 12. a3 Na5 13. Ne5 Nc4 14. Nxc4 dxc4 15.
Bf3 Rb8 16. Qe2 Bb7 17. Rfd1 Rfd8 18. Bxb7 Rxb7 19. Qf3 Rbd7 20. h3 Qb6 21. Ne4
Nxe4 22. Qxe4 Qb7 23. Qxb7 Rxb7 24. a4 Kf8 25. Kf1 Ke7 26. axb5 axb5 27. Ra1 h5
28. Ke2 h4 29. Ra5 Rd5 30. Rda1 Kd7 31. Ra8 Ke7 32. Rh8 g5 33. Rg8 Kf6 34. Re8
Rd6 35. Kd2 Rc6 36. Kc2 b4 37. Ra5 c3 38. b3 Rcc7 39. Rg8 e5 40. d5 e4 41. Rxg5
Kxg5 42. d6+ f5 43. dxc7 Rxc7 44. Rb5 Rd7 45. Rxb4 Rd2+ 46. Kxc3 Rxf2 47. Rb8
Kf6 48. Rh8 Rxg2 49. Rxh4 Re2 50. Kd4 Rd2+ 51. Kc4 Rd3 52. b4 Rxe3 53. b5 Re1
54. Rh8 Ke5 55. Re8+ Kf4 56. b6 Rb1 57. Re6 Kf3 58. Kc3 e3 59. Kc2 Rb5 60. Kd1
f4 61. h4 Kf2 62. Kc2 e2 63. Kd2 f3 {White resigns} 0-1

[Event "Team 45 45 League T80"]
[Site "Internet Chess Club"]
[Date "2019.03.30"]
[Round "1"]
[White "primerpaso"]
[Black "gnat"]
[Result "0-1"]
[WhiteElo "1848"]
[BlackElo "1970"]
[Opening "English, Kramnik-Shirov counterattack"]
[ECO "A21"]
[Time "11:13:47"]
[TimeControl "2700+45"]

1. c4 e5 2. Nc3 Bb4 3. g3 Bxc3 4. bxc3 d6 5. Bg2 Ne7 6. e4 Be6 7. d3 Nbc6 8. Ne2
Qd7 9. O-O Bh3 10. Rb1 Bxg2 11. Kxg2 b6 12. f4 f5 13. exf5 Nxf5 14. Ng1 O-O 15.
Nf3 Rae8 16. Qe2 {White resigns} 0-1

[Event "Team 45 45 League T80"]
[Site "Internet Chess Club"]
[Date "2019.03.31"]
[Round "1"]
[White "jjimalo"]
[Black "janh"]
[Result "0-1"]
[WhiteElo "1783"]
[BlackElo "1871"]
[Opening "Queen's pawn game, Darooha variation "]
[ECO "D02"]
[Time "13:11:04"]
[TimeControl "2700+45"]

1. d4 Nf6 2. Nf3 d5 3. g3 e6 4. Bg2 c5 5. O-O cxd4 6. Nxd4 Nc6 7. Nxc6 bxc6 8.
c4 Be7 9. Nd2 O-O 10. Nf3 Ba6 11. cxd5 cxd5 12. Re1 Qb6 13. b3 Ne4 14. Be3 Qa5
15. a3 Rfc8 16. b4 Qc7 17. Rc1 Qb7 18. Bd4 Bb5 19. Nd2 Rxc1 20. Qxc1 Rc8 21. Qb2
Nxd2 22. Qxd2 Qa6 23. Qe3 Bf8 24. Bxa7 Ra8 25. Bc5 Qxa3 26. Qd4 Rc8 27. Bxf8
Kxf8 28. e4 Rc1 29. Rd1 Be2 {White resigns} 0-1

[Event "Team 45 45 League T80"]
[Site "Internet Chess Club"]
[Date "2019.03.30"]
[Round "1"]
[White "Portola"]
[Black "Constrictor"]
[Result "1/2-1/2"]
[WhiteElo "1786"]
[BlackElo "1561"]
[Opening "Dutch, 2.Bg5 variation"]
[ECO "A80"]
[Time "14:01:59"]
[TimeControl "2700+45"]

1. d4 f5 2. Bg5 g6 3. c3 Bg7 4. Nf3 Nf6 5. Nbd2 O-O 6. h3 b6 7. e3 Ba6 8. Bxa6
Nxa6 9. Qb3+ e6 10. O-O c5 11. Ne5 d5 12. Qa4 Qc8 13. Bxf6 Bxf6 14. Ndf3 Nb8 15.
Rac1 Qe8 16. Qxe8 Rxe8 17. c4 cxd4 18. exd4 Na6 19. cxd5 exd5 20. a3 Rac8 21.
Nd7 Bg7 22. Nfe5 Bxe5 23. Nxe5 Rc7 24. Rxc7 Nxc7 25. Rc1 Nb5 26. Nf3 Re4 27. Rd1
Re2 28. a4 Nd6 29. b3 Rb2 30. Rd3 Ne4 31. Ne5 Rxf2 32. Nc6 Rd2 33. Rxd2 Nxd2 34.
b4 Nb3 35. Kf2 Kf7 36. Ke3 a5 37. b5 Ke6 38. Kd3 Nc1+ 39. Kd2 Na2 40. Ne5 g5 41.
g4 f4 42. Nf3 h6 43. Ne5 {Game drawn by mutual agreement} 1/2-1/2

[Event "Team 45 45 League T80"]
[Site "Internet Chess Club"]
[Date "2019.03.29"]
[Round "1"]
[White "disinformator"]
[Black "backrankbrawler"]
[Result "1-0"]
[WhiteElo "1804"]
[BlackElo "1681"]
[Opening "Réti opening"]
[ECO "A05"]
[Time "14:08:28"]
[TimeControl "2700+45"]

1. Nf3 Nf6 2. b3 d5 3. Bb2 e6 4. e3 Nbd7 5. c4 c6 6. Nc3 a6 7. Be2 Bd6 8. d4 Ne4
9. Nxe4 dxe4 10. Nd2 f5 11. c5 Bc7 12. Bh5+ g6 13. Be2 Nf6 14. h4 h6 15. b4 Nd5
16. Qb3 Bd7 17. a4 a5 18. b5 g5 19. Bh5+ Kf8 20. g4 gxh4 21. f3 Bg3+ 22. Ke2 Qg5
23. fxe4 Nb4 24. exf5 exf5 25. Qf7# {Black checkmated} 1-0

[Event "Team 45 45 League T80"]
[Site "Internet Chess Club"]
[Date "2019.04.01"]
[Round "1"]
[White "elmaestro"]
[Black "cadmiumorange"]
[Result "1/2-1/2"]
[WhiteElo "1678"]
[BlackElo "1815"]
[Opening "Modern defense"]
[ECO "A40"]
[Time "14:00:39"]
[TimeControl "2700+45"]

1. d4 g6 2. e3 Bg7 3. Bd3 d6 4. Nf3 e5 5. c3 Ne7 6. e4 O-O 7. O-O Bg4 8. Be3
exd4 9. Bxd4 Bxd4 10. cxd4 Nbc6 11. Be2 d5 {Game drawn by mutual agreement}
1/2-1/2

[Event "Team 45 45 League T80"]
[Site "Internet Chess Club"]
[Date "2019.04.01"]
[Round "1"]
[White "cityprosecutor"]
[Black "cayo89"]
[Result "0-1"]
[WhiteElo "1666"]
[BlackElo "1668"]
[Opening "Pirc defense"]
[ECO "B07"]
[Time "21:07:26"]
[TimeControl "2700+45"]

1. e4 d6 2. d4 Nf6 3. Nc3 e5 4. dxe5 dxe5 5. Qxd8+ Kxd8 6. Bc4 Be6 7. Bxe6 fxe6
8. f3 a6 9. Be3 Bd6 10. Nh3 Nbd7 11. Rd1 Ke7 12. Nf2 b5 13. a3 b4 14. axb4 Bxb4
15. Bd2 Rhb8 16. Nd3 Bd6 17. b3 Nc5 18. Ke2 a5 19. Be3 Nfd7 20. Rd2 Nxd3 21.
Rxd3 Nc5 22. Rd2 Nd7 23. Rhd1 Nf6 24. g4 h6 25. Na4 Rb5 26. Nb2 Ra6 27. h4 Rc6
28. Nc4 a4 29. bxa4 Rb4 30. Nxd6 cxd6 31. a5 Ra4 32. Bb6 Nd7 33. Rb1 Ra2 34. Kd3
Ra3+ 35. Ke2 Ra2 36. Kd1 Rc3 37. Rb3 Rc6 38. c3 Ra1+ 39. Ke2 Rc1 40. Ra2 Rh1 41.
Bf2 Ra6 42. Rb7 Rh2 43. g5 hxg5 44. hxg5 Kd8 45. Rbb2 Kc8 46. Kf1 Rh1+ 47. Kg2
Rc1 48. Rb3 Kc7 49. Be3 Re1 50. Bb6+ Kc6 {White forfeits on time} 0-1

[Event "Team 45 45 League T80"]
[Site "Internet Chess Club"]
[Date "2019.03.31"]
[Round "1"]
[White "cool64chess"]
[Black "ChessHouston"]
[Result "1-0"]
[WhiteElo "1934"]
[BlackElo "1719"]
[Opening "Nimzo-Indian: Kmoch variation"]
[ECO "E20"]
[Time "12:05:58"]
[TimeControl "2700+45"]

1. d4 Nf6 2. c4 e6 3. Nc3 Bb4 4. f3 d5 5. a3 Bxc3+ 6. bxc3 b6 7. Qc2 Bb7 8. cxd5
exd5 9. e3 O-O 10. Bd3 Re8 11. Nh3 Qd6 12. O-O Nbd7 13. Nf2 c5 14. Qd1 Rac8 15.
Ra2 Re7 16. Re2 Rce8 17. Rfe1 a6 18. Bb2 c4 19. Bb1 Qb8 20. e4 Nf8 21. e5 N6d7
22. Bc1 f6 23. f4 g6 24. Ng4 h5 25. Nxf6+ Nxf6 26. exf6 Rxe2 27. Rxe2 Kf7 28. f5
Kxf6 29. fxg6 Rxe2 30. Qf1+ Ke7 31. Qxe2+ Ne6 32. Bg5+ Kd7 33. Bf5 Qg8 34. g7
{Black resigns} 1-0

[Event "Team 45 45 League T80"]
[Site "Internet Chess Club"]
[Date "2019.03.31"]
[Round "1"]
[White "ChessRooklift"]
[Black "calsal"]
[Result "1/2-1/2"]
[WhiteElo "1685"]
[BlackElo "1849"]
[Opening "Scandinavian defense"]
[ECO "B01"]
[Time "18:01:46"]
[TimeControl "2700+45"]

1. e4 d5 2. exd5 Nf6 3. Nf3 Bg4 4. Be2 Qxd5 5. Nc3 Qf5 6. h3 Bxf3 7. Bxf3 Nc6 8.
Bxc6+ bxc6 9. d3 e6 10. O-O Bd6 11. Re1 g5 12. Ne4 Nxe4 13. Rxe4 h5 14. Qf3 Qxf3
15. gxf3 Kd7 16. Kf1 g4 17. fxg4 hxg4 18. Rxg4 Rxh3 19. Be3 a5 20. Ke2 Rah8 21.
Rag1 Be5 22. Bd4 R3h5 23. Re4 Bxd4 24. Rxd4+ Rd5 25. Rf4 Rh7 26. Rfg4 {Game
drawn by mutual agreement} 1/2-1/2

[Event "Team 45 45 League T80"]
[Site "Internet Chess Club"]
[Date "2019.04.01"]
[Round "1"]
[White "MathBandit"]
[Black "Goli"]
[Result "1/2-1/2"]
[WhiteElo "1570"]
[BlackElo "1696"]
[Opening "Robatsch (modern) defense"]
[ECO "B06"]
[Time "19:00:44"]
[TimeControl "2700+45"]

1. e4 g6 2. d4 Bg7 3. Nf3 d6 4. Bc4 Nf6 5. Nc3 O-O 6. O-O Bg4 7. h3 Bxf3 8. Qxf3
Nc6 9. Be3 e5 10. d5 Nd4 11. Qd1 b5 12. Bd3 b4 13. Ne2 Nxe2+ 14. Qxe2 a5 15.
Rac1 h6 16. c4 Nh5 17. g3 Qd7 18. Kh2 c5 19. dxc6 Qxc6 20. Rfd1 Nf6 21. f3 Nd7
22. b3 Nc5 23. Rd2 Ne6 24. Rcd1 Rad8 25. Bb1 Rd7 26. Rd5 Qa6 27. Qd2 Rfd8 28.
Bxh6 Nd4 29. Rxd4 exd4 30. Bxg7 Kxg7 31. Qxd4+ f6 32. Qd5 Qb6 33. Rd2 Qe3 34.
Kg2 Rh8 35. Qd3 Qh6 36. h4 g5 37. Qe3 Qg6 38. c5 gxh4 39. g4 Rc8 40. cxd6 Rc3
41. Qf4 Qg5 42. Qxg5+ fxg5 43. e5 Rc6 44. Bf5 Rd8 45. Rd5 Ra6 46. Rc5 a4 47.
bxa4 Rxa4 48. Rc7+ Kf8 49. e6 Rxa2+ 50. Kh3 Rxd6 51. Rc8+ Ke7 52. Rc7+ Kd8 53.
Rg7 Rf2 54. Rxg5 Rxf3+ 55. Kxh4 Re3 56. Rg7 Rdxe6 57. Bxe6 Rxe6 58. Rb7 Re4 59.
Kh5 Kc8 60. Rb5 Kc7 61. g5 Kc6 62. Rb8 Kc7 63. Rb5 {Game drawn by mutual
agreement} 1/2-1/2

[Event "Team 45 45 League T80"]
[Site "Internet Chess Club"]
[Date "2019.03.30"]
[Round "1"]
[White "Egmont"]
[Black "Constrictor"]
[Result "1-0"]
[WhiteElo "1552"]
[BlackElo "1551"]
[Opening "Dutch"]
[ECO "A80"]
[Time "11:01:11"]
[TimeControl "2700+45"]

1. d4 f5 2. Nf3 Nf6 3. Nc3 g6 4. Bf4 Bg7 5. e3 O-O 6. Bc4+ Kh8 7. O-O b6 8. Qd3
Nc6 9. a3 Bb7 10. Nb5 d6 11. Ng5 a6 12. Ne6 Qc8 13. Nbxc7 b5 14. Bb3 Ra7 15.
Nxf8 Bxf8 16. Ne6 Bg7 17. Nxg7 Kxg7 18. h3 Na5 19. Ba2 Be4 20. Qd2 Nc4 21. Bxc4
bxc4 22. f3 Ba8 23. Qc3 Nd5 24. Qe1 Kf6 25. Qh4+ Kg7 26. Bh6+ Kg8 27. e4 fxe4
28. fxe4 Nf6 29. e5 Qc6 30. Rf2 dxe5 31. dxe5 {Black resigns} 1-0

[Event "Team 45 45 League T80"]
[Site "Internet Chess Club"]
[Date "2019.04.01"]
[Round "1"]
[White "fledermaus"]
[Black "kidcobra"]
[Result "0-1"]
[WhiteElo "1794"]
[BlackElo "1840"]
[Opening "QGD: Tarrasch, Prague variation"]
[ECO "D33"]
[Time "16:05:37"]
[TimeControl "2700+45"]

1. Nf3 Nf6 2. c4 e6 3. Nc3 d5 4. d4 c5 5. cxd5 exd5 6. g3 Nc6 7. Bg2 h6 8. O-O
Be6 9. Be3 Ng4 10. Bf4 g5 11. Bc1 Bg7 12. dxc5 Qa5 13. h4 Qxc5 14. hxg5 O-O-O
15. gxh6 Bxh6 16. Bxh6 Rxh6 17. Rc1 Rdh8 18. Nh4 Rxh4 19. gxh4 Qd6 20. Re1 Rxh4
21. Nxd5 Rh1+ {White resigns} 0-1

[Event "Team 45 45 League T80"]
[Site "Internet Chess Club"]
[Date "2019.03.31"]
[Round "1"]
[White "Grenadier"]
[Black "idjit"]
[Result "1-0"]
[WhiteElo "1642"]
[BlackElo "1631"]
[Opening "French: advance, Paulsen attack"]
[ECO "C02"]
[Time "20:17:53"]
[TimeControl "2700+45"]

1. e4 e6 2. d4 d5 3. e5 c5 4. c3 Nc6 5. Nf3 Be7 6. Bd3 f6 7. O-O fxe5 8. Nxe5
Nf6 9. Bg5 Nxe5 10. dxe5 Nd7 11. Qh5+ Kf8 12. f4 Bxg5 13. fxg5+ Kg8 14. Qf7#
{Black checkmated} 1-0

[Event "Team 45 45 League T80"]
[Site "Internet Chess Club"]
[Date "2019.03.28"]
[Round "1"]
[White "RD1974"]
[Black "justice02"]
[Result "0-1"]
[WhiteElo "1574"]
[BlackElo "1618"]
[Opening "French: King's Indian attack"]
[ECO "C00"]
[Time "18:01:19"]
[TimeControl "2700+45"]

1. e4 e6 2. d3 d5 3. Nd2 c5 4. Ngf3 Nc6 5. g3 Nf6 6. Qe2 b5 7. exd5 Qxd5 8. c3
Bb7 9. Bg2 Rd8 10. d4 cxd4 11. Nh4 Qd7 12. Ne4 Nxe4 13. Bxe4 dxc3 14. bxc3 Be7
15. Nf3 O-O 16. O-O a6 17. Bg5 h6 18. Be3 Bf6 19. Rac1 Qc7 20. c4 bxc4 21. Rxc4
Qd7 22. Rfc1 Rc8 23. Bc5 Rfe8 24. Rd1 Qc7 25. Bd6 Qa5 26. a3 Be7 27. Bf4 Qxa3
28. Bc1 Qb3 29. Bc2 Qb5 30. Bd3 Qh5 31. Re4 Nb4 32. Re3 Nxd3 33. Rexd3 Bd5 34.
Qe3 Rc2 35. Nd4 Rc3 36. Bb2 Rc4 37. Rc1 Rec8 38. Re1 Bc5 39. Qf4 Bxd4 40. Bxd4
f6 41. Qd2 Qh3 42. f3 Rc2 {White resigns} 0-1